 Dungeon Crawl Stone Soup version 0.20.1-1-g8b1a95d66d (webtiles) character file.

54 Jerry the Chopper (level 3, 0/29 HPs)
             Began as a Demonspawn Chaos Knight on Nov 20, 2017.
             Slain by an adder (1 damage)
             ... summoned by Xom
             ... on level 2 of the Dungeon.
             The game lasted 00:03:32 (2227 turns).

Jerry the Chopper (Demonspawn Chaos Knight)         Turns: 2227, Time: 00:03:32

Health: 0/29       AC:  6    Str: 13    XL:     3   Next: 66%
Magic:  3/3        EV: 11    Int: 13    God:    Xom [*.....]
Gold:   120        SH:  0    Dex: 12    Spells: 2/2 levels left

rFire    . . .     SeeInvis .   a - +1 hand axe (chaos)
rCold    . . .     Gourm    .   (no shield)
rNeg     . . .     Faith    .   b - +2 leather armour
rPois    .         Spirit   .   (no helmet)
rElec    .         Reflect  .   (no cloak)
rCorr    .         Harm     .   p - +0 pair of gloves
MR       .....                  (no boots)
Stlth    ++........             (no amulet)
Regen    0.1/turn               (no ring)
MPRegen  0.1/turn               (no ring)

@: no status effects
A: hooves 1, nightstalker 1
a: Renounce Religion


You were on level 2 of the Dungeon.
You worshipped Xom.
You were a special plaything of Xom.
You were not hungry.

You visited 1 branch of the dungeon, and saw 2 of its levels.

You collected 120 gold pieces.

Inventory:

Hand Weapons
 a - a +1 hand axe of chaos (weapon)
Armour
 b - a +2 leather armour (worn)
 p - a +0 pair of gloves (worn)
Jewellery
 m - a cursed amulet of inaccuracy {unknown}
Scrolls
 g - 2 scrolls of identify {unknown}
 k - a scroll of teleportation {unknown}
 n - a scroll of fog {unknown}
Potions
 e - a potion of haste {unknown}
 f - 3 potions of magic {unknown}
 h - a potion of lignification {unknown}
 l - a potion of curing {unknown}
 o - a potion of cancellation {unknown}
Comestibles
 c - a bread ration
 d - 3 meat rations
 i - 3 fruits
 j - a royal jelly


   Skills:
 + Level 3.4 Fighting
 * Level 3.6 Axes
 + Level 2.2 Armour
 - Level 0.8 Dodging


You had 2 spell levels left.
You didn't know any spells.

Dungeon Overview and Level Annotations

Branches:
Dungeon (2/15)

Altars:


Innate Abilities, Weirdness & Mutations

You have large cloven feet.
You are slightly more attuned to the shadows.


Message History

You hit the hobgoblin.
Sparks fly from the hobgoblin's hands!
The adder closely misses you. The hobgoblin closely misses you.
You completely miss the adder.
The adder is almost dead.
You hit the hobgoblin. The adder bites you.
* * * LOW HITPOINT WARNING * * *
The hobgoblin hits you with a club.
* * * LOW HITPOINT WARNING * * *
The adder closely misses you.
You barely miss the adder.
The adder is almost dead.
You hit the hobgoblin. You freeze the hobgoblin.
You kill the hobgoblin!
The hobgoblin's corpse degenerates into a cloud of primal chaos!
The adder barely misses you.
You hit the adder but do no damage.
The adder is almost dead.
The adder closely misses you. The adder bites you.
You die... "What!?
That's it?"

############# #...........#
##### #.#########.## #...# ##.##
##...#### #.#[#
##)..######.....##.
####...####.....#............
####....#............###.....##.
#....###)###.#.§S..### ##..(###.
##.##....#(...##@..## ##.## #.
......##.#.######.## #.# #.
##.##.##.#.# #.# #.# ##
#<##.##...# #.#########.#
#.##.###### #...........###
#.##.# ##########....### #....#
#.##.... ###..# #.###### #..#
#.#


You could see an adder.

Vanquished Creatures
  Jessica (D:2)
  A worm (D:2)
  2 ball pythons (D:1)
  5 bats (D:2)
  A goblin (D:1)
  6 hobgoblins
  3 jackals (D:2)
  2 kobolds (D:1)
  2 frilled lizards (D:2)
23 creatures vanquished.

Notes
Turn   | Place    | Note
-------+----------+-------------------------------------------
     0 | D:1      | Jerry the Demonspawn Chaos Knight began the quest for the Orb.
     0 | D:1      | Reached XP level 1. HP: 18/18 MP: 1/1
    99 | D:1      | XOM: potion effect (agility)
   514 | D:1      | XOM: silly message
   582 | D:1      | XOM: butterfly on damage
   607 | D:1      | Gained mutation: You are slightly more attuned to the shadows. [demonic ancestry]
   607 | D:1      | Reached XP level 2. HP: 15/24 MP: 2/2
   704 | D:1      | XOM: medium Conj miscast
   825 | D:1      | XOM: silly message
   934 | D:1      | XOM: harmless Ice miscast
  1217 | D:2      | Noticed Jessica
  1220 | D:2      | XOM: divination: detect items
  1229 | D:2      | XOM: noise
  1374 | D:1      | XOM: harmless Conj miscast
  1378 | D:2      | Killed Jessica
  1378 | D:2      | Gained mutation: You have large cloven feet. [demonic ancestry]
  1378 | D:2      | Reached XP level 3. HP: 29/29 MP: 3/3
  1780 | D:2      | XOM: harmless Necr miscast
  2126 | D:2      | XOM: cloud trail
  2163 | D:2      | XOM: severe Conj miscast
  2220 | D:2      | XOM: summons 2 hostile shadow creatures
  2225 | D:2      | HP: 1/29 [hobgoblin/club[Xom] (2)]
  2227 | D:2      | Slain by an adder

Skill      XL: |  1  2 |
---------------+-------+-----
Axes           | 3 |  3.6
Armour         | 2 |  2.2
Fighting       | |  3.4
Dodging        | |  0.8

Action                   || total
-------------------------++-------
Melee: Hand axe          ||    75
       Kick              ||     3
  Use: Scroll            ||     1
 Stab: Paralysed         ||     2
       Sleeping          ||     2
  Eat: Chunk             ||     4
Armor: Leather armour    ||    28
Dodge: Dodged            ||    49
